 Dungeon Crawl Stone Soup version 0.29.1-15-g9cfb28693d (webtiles) character file.

Game seed: 2648430268398085434

296 HOAXBANE2 the Charlatan (level 6, -2/47 HPs)
             Began as a Human Artificer on Mar 11, 2023.
             Slain by a wight
             ... wielding a +3 flail
              (5 damage)
             ... on level 4 of the Dungeon.
             The game lasted 00:14:39 (4217 turns).

HOAXBANE2 the Charlatan (Human Artificer)           Turns: 4217, Time: 00:14:39

Health: -2/47      AC: 10    Str: 12    XL:     6   Next: 61%
Magic:  7/9        EV: 10    Int: 13    God:
Gold:   159        SH:  0    Dex: 14    Spells: 10/10 levels left

rFire   + . .      SeeInvis .   q - +4 scimitar
rCold   . . .      Faith    .   (no shield)
rNeg    . . .      Spirit   .   n - +0 ring mail
rPois   .          Reflect  .   (no helmet)
rElec   .          Harm     .   m - +1 cloak
rCorr   +          Rampage  .   (no gloves)
Will    .....                   g - +2 pair of boots
Stlth   +.........              (no amulet)
HPRegen 0.15/turn               k - ring of protection from fire
MPRegen 0.11/turn               h - ring of resist corrosion

@: no status effects
A: no striking features
a: no special abilities


You were on level 4 of the Dungeon.
You visited 1 branch of the dungeon, and saw 4 of its levels.

You collected 159 gold pieces.

Inventory:

Hand Weapons
 i - a +0 morningstar of venom
 q - a +4 scimitar (weapon)
Armour
 b - a +0 leather armour
 g - a +2 pair of boots (worn)
 l - a +0 robe
 m - a +1 cloak (worn)
 n - a +0 ring mail (worn)
Magical Staves
 o - a staff of air
Jewellery
 h - a ring of resist corrosion (right hand)
 k - a ring of protection from fire (left hand)
Wands
 c - a wand of flame (3) (quivered)
 d - a wand of charming (15)
 e - a wand of iceblast (5)
Scrolls
 a - a scroll of torment
Potions
 f - a potion of curing
 j - a potion of heal wounds
 p - a potion of ambrosia


   Skills:
 - Level 3.0 Fighting
 - Level 2.0 Armour
 - Level 1.0 Dodging
 - Level 1.0 Stealth
 + Level 2.5 Spellcasting
 - Level 5.3 Evocations


You had 10 spell levels left.
You didn't know any spells.
Your spell library contained the following spells:

 Spells                   Type           Power      Damage    Failure   Level
 Summon Small Mammal      Summ           4%         N/A       47%         1
 Scorch                   Fire           2%         2d5       63%         2
 Call Canine Familiar     Summ           1%         N/A       85%         3
 Summon Guardian Golem    Hex/Summ       1%         N/A       85%         3
 Flame Wave               Conj/Fire      1%         2d4       99%         4
 Summon Cactus Giant      Summ           0%         N/A       100%        6


Dungeon Overview and Level Annotations

Branches:
Dungeon (4/15)
 Temple: D:4-7

Altars:
Vehumet

Shops:
D:1 (


Message History

* * * LOW HITPOINT WARNING * * *
The wight hits you but does no damage.
Aiming: Throw Flame
Press: ? - help, Shift-Dir - straight line, f/p - wight
Aim: a wight, wielding a +0 short sword and wearing a +0 robe (severely damaged, 74% to hit)
The puff of flame hits the wight.
You destroy the wight!
The ball python closely misses you. The ball python constricts you.
The ball python bites you but does no damage.
The ball python constricts you.
Your life force feels restored.
Your Spellcasting skill increases to level 2!
Hit: q) +4 scimitar
Press: ? - help, Dir - move target, f - ball python
Aim: a ball python (constricting you, about 42% to evade your +4 scimitar)
Okay, then.
Unknown command.
Hit: q) +4 scimitar
Press: ? - help, Dir - move target, f - ball python
Aim: a ball python (constricting you, about 42% to evade your +4 scimitar)
Okay, then.
Unknown command.
You hit the ball python.
You kill the ball python!
A wight comes into view. It is wielding a +3 flail.
Things that are here:
a +0 short sword; a +0 robe
Aiming: Throw Flame
Press: ? - help, Shift-Dir - straight line, f - wight
Aim: a wight, wielding a +3 flail and wearing a +0 robe (74% to hit)
The puff of flame misses the wight.
Aiming: Throw Flame
Press: ? - help, Shift-Dir - straight line, f/p - wight
Aim: a wight, wielding a +3 flail and wearing a +0 robe (74% to hit)
The puff of flame hits the wight.
The wight is heavily damaged.
You closely miss the wight.
The wight is heavily damaged.
The wight hits you with a +3 flail.
You die...

#......# #. #......# ...
#.<....# ######.####
#......# #.........#
#......# #.........#
#......# #.........#
#......#######.........#
#.........†).'..........
#...###@######.........#
#. #.z....+.........#
########.........#
#.......... #........†)
##########. #######.
......'. ###########.


You could see a wight.

Vanquished Creatures
  3 wights (D:4)
  A jelly (D:4)
  3 adders (D:2)
  3 worms
  3 dart slugs
  5 endoplasms
  3 giant cockroaches
  4 goblins
  9 hobgoblins
  2 jackals (D:3)
  3 kobolds
  6 quokkas
  7 ball pythons
  4 bats
  3 frilled lizards
  6 rats
65 creatures vanquished.

Vanquished Creatures (collateral kills)
  A quokka (D:3)
1 creature vanquished.

Vanquished Creatures (others)
  5 plants (D:1)
5 creatures vanquished.

Grand Total: 71 creatures vanquished

Notes
Turn   | Place    | Note
-------+----------+-------------------------------------------
     0 | D:1      | HOAXBANE2 the Human Artificer began the quest for the Orb.
     0 | D:1      | Reached XP level 1. HP: 15/15 MP: 1/1
   422 | D:1      | Reached XP level 2. HP: 21/21 MP: 2/2
   755 | D:1      | Reached skill level 4 in Evocations
   755 | D:1      | Reached XP level 3. HP: 14/26 MP: 3/3
  1737 | D:1      | Found Bucwamat's Antique Weapon Boutique.
  2683 | D:2      | Reached XP level 4. HP: 33/33 MP: 4/4
  3349 | D:3      | Found a radiant altar of Vehumet.
  3698 | D:3      | Reached XP level 5. HP: 39/41 MP: 5/5
  3831 | D:3      | Identified the +1 spear "Pighoi" {venom, *Rage rC++ Dex+6}
  4193 | D:4      | Reached skill level 5 in Evocations
  4197 | D:4      | Reached skill level 1 in Spellcasting
  4197 | D:4      | Reached XP level 6. HP: 15/47 MP: 5/8
  4211 | D:4      | HP: 2/46 [constriction (1)]
  4217 | D:4      | Slain by a wight

Illustrated notes

Levels and vault maps discovered:
D:1:      denvon_arrival_waterhouse, layout_loops_corners, serial_shops,
          nicolae_shop_overgrown_old_shop, roderic_roman_lattice
D:2:      layout_basic
D:3:      layout_rooms, mainiacjoe_overflow_small_starburst, minmay_statues_item
D:4:      layout_basic, enter_ossuary_2

Skill      XL: |  1  2  3  4  5  6 |
---------------+-------------------+-----
Evocations     | 4 5 |  5.3
Fighting       | 2 3 |  3.0
Spellcasting   | 1 2 |  2.5
Armour         | |  2.0
Dodging        | |  1.0
Stealth        | |  1.0

Action                   |  1- 3 |  4- 6 || total
-------------------------+-------+-------++-------
Melee: Club              |    59 |       ||    59
       Dagger            |    62 |       ||    62
       Short sword       |    29 |       ||    29
       Morningstar       |    28 |    86 ||   114
       Punch             |     2 |     1 ||     3
       Scimitar          |       |     5 ||     5
Evoke: Wand              |       |    12 ||    12
  Use: Scroll            |     4 |     8 ||    12
 Stab: Sleeping          |     1 |     1 ||     2
Armor: Leather armour    |    52 |    38 ||    90
       Ring mail         |       |    14 ||    14
Dodge: Dodged            |    96 |    83 ||   179
